 Dungeon Crawl Stone Soup version 0.19.4-9-g45fd643 (webtiles) character file.

550 oplop the Chiller (level 7, -5/45 HPs)
             Began as an Octopode Ice Elementalist on Feb 20, 2017.
             Killed from afar by an orc wizard (6 damage)
             ... with a magic dart
             ... on level 7 of the Dungeon.
             The game lasted 00:09:23 (4249 turns).

oplop the Chiller (Octopode Ice Elementalist)       Turns: 4249, Time: 00:09:24

Health: -5/45      AC:  7    Str:  8    XL:     7   Next: 29%
Magic:  7/14       EV: 13    Int: 24    God:
Gold:   285        SH:  0    Dex: 12    Spells: 3 memorised, 10 levels left

rFire  . . .     SeeInvis .     t - +2 rapier (venom)
rCold  . . .     Gourm    .     (no shield)
rNeg   . . .     Faith    .     (helmet restricted)
rPois  .         Spirit   .     (no amulet)
rElec  .         Reflect  .     (no ring)
rCorr  .         Harm     .     (no ring)
MR     .....                    (no ring)
Stlth  +++.......               (no ring)
                                (no ring)
                                (no ring)
                                (no ring)
                                (no ring)

@: brilliant, icy armour, very slightly contaminated, invisible, slow
A: almost no armour, stealthy swim, amphibious, 8 rings, constrict 8, camouflage
1, gelatinous body 1
a: no special abilities


You were on level 7 of the Dungeon.
You were not hungry.

You visited 1 branch of the dungeon, and saw 7 of its levels.

You collected 285 gold pieces.

Inventory:

Hand Weapons
 o - a +2 dagger of venom
 t - a +2 rapier of venom (weapon)
Armour
 f - a +1 buckler
Jewellery
 q - a cursed ring of protection from fire {unknown}
Scrolls
 d - 5 scrolls of identify {unknown}
 e - a scroll of random uselessness
 i - a scroll of remove curse
 m - a scroll of enchant weapon
 p - 2 scrolls of teleportation
 u - a scroll of enchant armour
 w - 2 scrolls of blinking {unknown}
Potions
 c - 2 potions of might {unknown}
 g - 3 potions of brilliance
 h - a potion of curing {unknown}
 k - 2 potions of heal wounds {unknown}
 l - 2 potions of mutation {unknown}
 n - a potion of lignification {unknown}
 r - a potion of haste {unknown}
 s - a potion of invisibility
Books
 a - a book of Frost

   Spells                             Type                      Level
   a - Freeze                         Ice                          1
   b - Throw Frost                    Conjuration/Ice              2
   c - Ozocubu's Armour               Charms/Ice                   3
   d - Throw Icicle                   Conjuration/Ice              4
   e - Summon Ice Beast               Ice/Summoning                4
Comestibles
 b - 4 bread rations
 j - 6 meat rations
 v - a chunk of flesh


   Skills:
 + Level 2.6 Fighting
 - Level 2.0 Dodging
 - Level 2.6 Stealth
 * Level 5.0 Spellcasting
 - Level 1.0 Conjurations
 * Level 5.5 Ice Magic


You had 10 spell levels left.
You knew the following spells:

 Your Spells              Type           Power        Failure   Level  Hunger
a - Freeze                Ice            ####         1%          1    None
b - Throw Frost           Conj/Ice       #####.       1%          2    None
c - Ozocubu's Armour      Chrm/Ice       ####....     1%          3    ##.....


Dungeon Overview and Level Annotations

Branches:
Dungeon (7/15)             Temple (0/1) D:4

Altars:

Annotations:
D:5 Grinder
D:6 exclusions: bullfrog and centaur


Innate Abilities, Weirdness & Mutations

You cannot wear most types of armour.
You are very stealthy in the water. (Stealth+)
You are amphibious.
You can wear up to eight rings at the same time.
You can use your tentacles to constrict eight enemies at once.
Your skin changes colour to match your surroundings (Stealth+).
Your rubbery body absorbs attacks. (AC +1, EV +1)


Message History

The orc misses you.
The orc wizard points at you and mumbles some strange words.
The magic dart hits you!
* * * LOW HITPOINT WARNING * * *
The worker ant closely misses you. The orc hits you but does no damage.
As you read the scroll labeled COODOQILAN, it crumbles to dust.
It is a scroll of enchant armour.
Your buckler glows green for a moment.
The orc wizard barely misses you. The orc hits you but does no damage.
The orc closely misses you. The worker ant closely misses you.
The orc barely misses you.
The orc wizard points at you and mumbles some strange words.
The magic dart hits you!
* * * LOW HITPOINT WARNING * * *
Okay, then.
It was a potion of brilliance.
You feel clever all of a sudden. The worker ant barely misses you.
The orc wizard gestures at you while chanting.
The magic dart hits you!
You die...

#..........#
#..........#
#...........
#...........
#...........
#...........
#...o.......
#..oa)......
#..@o.......
#..oo.......
#...........
#..........#
############


You could see a worker ant, an orc priest, an orc wizard and 3 orcs.

Vanquished Creatures
  An ogre (D:6)
  2 bullfrogs
  A scorpion (D:4)
  A hound (D:6)
  A bullfrog skeleton (D:4)
  An iguana (D:6)
  3 adders
  A shadow imp (D:6)
  An adder zombie (D:6)
  An adder skeleton (D:5)
  4 worms
  3 dart slugs
  2 leopard geckos
  24 orcs
  10 bats
  7 giant cockroaches
  11 goblins
  7 hobgoblins
  12 jackals
  4 quokkas
  2 ball pythons (D:3)
  8 frilled lizards
  A giant cockroach zombie (D:6)
  7 kobolds
  A leopard gecko skeleton (D:4)
  9 rats
125 creatures vanquished.

Notes
Turn   | Place    | Note
-------+----------+-------------------------------------------
     0 | D:1      | oplop the Octopode Ice Elementalist began the quest for the Orb.
     0 | D:1      | Reached XP level 1. HP: 11/11 MP: 3/3
   325 | D:1      | Reached XP level 2. HP: 13/17 MP: 0/5
   860 | D:1      | Reached XP level 3. HP: 18/22 MP: 6/6
  1153 | D:2      | Learned a level 2 spell: Throw Frost
  1395 | D:2      | Reached XP level 4. HP: 26/27 MP: 8/8
  2001 | D:3      | Reached skill level 1 in Fighting
  2130 | D:3      | Learned a level 3 spell: Ozocubu's Armour
  2274 | D:3      | Noticed a bullfrog
  2285 | D:3      | Killed a bullfrog
  2285 | D:3      | Reached XP level 5. HP: 4/33 MP: 3/10
  2979 | D:3      | Reached XP level 6. HP: 38/38 MP: 12/12
  3150 | D:4      | Found a staircase to the Ecumenical Temple.
  3713 | D:5      | Entered Level 5 of the Dungeon
  3926 | D:5      | Noticed Grinder
  3965 | D:6      | Reached skill level 5 in Ice Magic
  3968 | D:6      | Reached XP level 7. HP: 42/45 MP: 2/14
  4071 | D:6      | Reached skill level 5 in Spellcasting
  4248 | D:7      | HP: 1/45 [orc wizard/magic dart (8)]
  4249 | D:7      | Killed from afar by an orc wizard

Skill      XL: |  1  2  3  4  5  6  7 |
---------------+----------------------+-----
Spellcasting   | 3 4 5 |  5.0
Ice Magic      | 4 5 |  5.5
Fighting       | 1 2 |  2.6
Dodging        | |  2.0
Stealth        | |  2.6
Conjurations   | |  1.0

Action                   |  1- 3 |  4- 6 |  7- 9 || total
-------------------------+-------+-------+-------++-------
Melee: Unarmed           |    49 |       |       ||    49
       Constrict         |    22 |    42 |    12 ||    76
       Tentacles         |    13 |    23 |     7 ||    43
       Dagger            |    34 |   110 |       ||   144
       Mace              |     2 |       |       ||     2
       Rapier            |       |    10 |    26 ||    36
 Cast: Freeze            |     5 |    29 |     3 ||    37
       Throw Frost       |     2 |    11 |       ||    13
       Ozocubu's Armour  |       |     3 |     1 ||     4
  Use: Potion            |     2 |       |     2 ||     4
       Scroll            |       |     5 |     1 ||     6
 Stab: Sleeping          |    14 |    14 |     1 ||    29
       Distracted        |     1 |     1 |       ||     2
  Eat: Chunk             |     2 |     4 |     2 ||     8
       Royal jelly       |       |     1 |       ||     1
       Beef jerky        |       |     1 |       ||     1
Armor: Skin              |    16 |    13 |     7 ||    36
Dodge: Dodged            |    48 |    89 |    33 ||   170
